 Dungeon Crawl Stone Soup version 0.29-a0-664-gff9cad4a3d (webtiles) character file.

Game seed: 12727906298537401985

168876 frimble the Warrior (level 17, -2/158 HPs)
             Began as a Minotaur Hunter on June 23, 2022.
             Was a High Priest of Okawaru.
             Slain by a worldbinder (5 damage)
             ... on level 5 of the Abyss.
             The game lasted 00:44:50 (26981 turns).

frimble the Warrior (Minotaur Hunter)              Turns: 26981, Time: 00:44:51

Health: -2/158     AC: 33    Str: 20    XL:     17   Next: 9%
Magic:  19/19      EV: 18    Int: 10    God:    Okawaru [*****.]
Gold:   561        SH:  0    Dex: 26    Spells: 8/16 levels left

rFire   . . .      SeeInvis .   b - +9 scimitar "Fodgheri" {spect, rN++ Str-2 Dex+4}
rCold   + . .      Faith    .   (no shield)
rNeg    + + +      Spirit   .   q - +2 plate armour of Patterns {Fly rC+ rN+ Regen+}
rPois   .          Reflect  .   R - +4 hat "Reock" {Rampage rCorr}
rElec   .          Harm     .   j - +0 cloak
rCorr   +          Rampage  +   Q - +1 pair of gloves "Aleuwkot" {rN++}
Will    +....      Rage     3%  V - +0 pair of boots of Duck's Teeth {Regen+ Str+4 Stlth+}
Stlth   ..........              e - amulet of regeneration
HPRegen 0.00/turn               F - ring of the Wizarding Gods {rCorr AC+4}
MPRegen 0.16/turn               A - +6 ring of dexterity

@: confused, mighty, lethally poisoned (-2 -> -22), about to teleport, heroic,
ambrosia-drunk, sick, flying, hasted and slowed
A: horns 2, retaliatory headbutt, [berserk 2], [low MP 2], [no potion heal 2]
}: 1/15 runes: abyssal
a: Renounce Religion, Heroism, Finesse, Duel


You were on level 5 of the Abyss.
You worshipped Okawaru.
Okawaru was extremely pleased with you.
You visited 4 branches of the dungeon, and saw 26 of its levels.
You visited the Abyss 1 time.
You also visited: Gauntlet.

You collected 2851 gold pieces.
You spent 2290 gold pieces at shops.

Inventory:

Hand Weapons
 a - a +7 longbow of freezing
 b - the +9 scimitar "Fodgheri" (weapon) {spect, rN++ Str-2 Dex+4}
   (Okawaru gifted it to you on level 1 of the Lair of Beasts)

   When its wielder attacks, the weapon's spirit leaps out and strikes again.
   The spirit shares a part of any damage it takes with its wielder.
   Str:       It affects your strength (-2).
   Dex:       It affects your dexterity (+4).
   rN:        It greatly protects you from negative energy.
 u - a +2 triple sword of holy wrath
 y - a +2 scimitar of flaming
 P - the +5 great sword "Aroem" {drain, rF+ Str+2 Stlth+}
   (Okawaru gifted it to you on level 9 of the Dungeon)

   A truly terrible weapon, it drains the life of any living foe it strikes.
   Str:       It affects your strength (+2).
   rF:        It protects you from fire.
   Stlth:     It makes you more stealthy.
Missiles
 v - 14 silver javelins
 E - 14 javelins (quivered)
 L - 4 throwing nets
Armour
 j - a +0 cloak (worn)
 q - the +2 plate armour of Patterns (worn) {Fly rC+ rN+ Regen+}
   (You bought it in a shop on level 2 of the Orcish Mines)

   rC:        It protects you from cold.
   rN:        It protects you from negative energy.
   Fly:       It grants you flight.
   Regen:     It increases your rate of health regeneration.
 I - the +12 crystal plate armour of the Archfiend {-Cast +Blink rElec rC+++}
   (Okawaru gifted it to you on level 15 of the Dungeon)

   rC:        It renders you almost immune to cold.
   rElec:     It insulates you from electricity.
   +Blink:    It lets you blink.
   -Cast:     It prevents spellcasting.
 Q - the +1 pair of gloves "Aleuwkot" (worn) {rN++}
   (Okawaru gifted it to you on level 6 of the Lair of Beasts)

   rN:        It greatly protects you from negative energy.
 R - the +4 hat "Reock" (worn) {Rampage rCorr}
   (Okawaru gifted it to you on level 2 of the Lair of Beasts)

   rCorr:     It protects you from acid and corrosion.
   Rampage:   It bestows one free step when moving towards enemies.
 V - the +0 pair of boots of Duck's Teeth (worn) {Regen+ Str+4 Stlth+}
   (You bought it in a shop on level 2 of the Orcish Mines)

   Str:       It affects your strength (+4).
   Regen:     It increases your rate of health regeneration.
   Stlth:     It makes you more stealthy.
Jewellery
 e - an amulet of regeneration (around neck)
 w - a ring of protection from cold
 A - a +6 ring of dexterity (right hand)
 F - the ring of the Wizarding Gods (left hand) {rCorr AC+4}
   (You found it in a Gauntlet)

   [ring of protection]

   AC:        It affects your AC (+4).
   rCorr:     It protects you from acid and corrosion.
 S - a +4 ring of protection
 U - a +6 ring of intelligence
Wands
 p - a wand of mindburst (3)
 t - a wand of flame (7)
 x - a wand of acid (29)
 K - a wand of digging (17)
 N - a wand of iceblast (3)
Scrolls
 c - 9 scrolls of immolation
 d - 2 scrolls of vulnerability
 i - 16 scrolls of teleportation
 s - a scroll of blinking
 C - 6 scrolls of identify
 H - 2 scrolls of magic mapping
 J - 5 scrolls of fog
 M - a scroll of fear
 O - 2 scrolls of brand weapon
Potions
 f - 2 potions of cancellation
 g - 6 potions of might
 k - a potion of invisibility
 l - 4 potions of magic
 m - 7 potions of flight
 n - a potion of attraction
 o - 8 potions of lignification
 r - a potion of heal wounds
 z - 3 potions of haste
 B - 3 potions of mutation
 D - 3 potions of berserk rage
 T - 3 potions of brilliance


   Skills:
 + Level 16.0(21.0) Fighting
 - Level 3.8(14.8) Short Blades
 + Level 15.1(20.3) Long Blades
 + Level 15.1(20.1) Bows
 - Level 4.3(9.3) Throwing
 + Level 10.2(15.2) Armour
 - Level 11.7(16.7) Dodging
 - Level 3.6(8.6) Stealth
 + Level 2.5 Transmutations
 + Level 2.6 Earth Magic
 - Level 12.0 Invocations
 - Level 10.0 Evocations


You had 8 spell levels left.
You knew the following spells:

 Your Spells              Type           Power      Damage    Failure   Level
a - Statue Form           Tmut/Erth      3%         N/A       100%        6
b - Passwall              Tmut/Erth      4%         N/A       91%         2

Your spell library contained the following spells:

 Spells                   Type           Power      Damage    Failure   Level
 Necrotize                Necr           0%         1d4       99%         1
 Ensorcelled Hibernation  Hex/Ice        0%         N/A       99%         2
 Sublimation of Blood     Necr           0%         N/A       99%         2
 Dazzling Flash           Conj/Hex       0%         N/A       100%        3
 Spider Form              Tmut/Pois      2%         N/A       100%        3
 Swiftness                Air            0%         N/A       100%        3
 Vampiric Draining        Necr           0%         2d6       100%        3
 Airstrike                Air            0%         N/A       100%        4
 Anguish                  Hex/Necr       0%         N/A       100%        4
 Fulminant Prism          Conj/Hex       0%         3d6       100%        4
 Iskenderun's Mystic Bla  Conj/Tloc      0%         2d3       100%        4
 Petrify                  Tmut/Erth      5%         N/A       100%        4
 Agony                    Necr           0%         N/A       100%        5
 Blade Hands              Tmut           2%         N/A       100%        5
 Irradiate                Conj/Tmut      1%         3d13      100%        5
 Lightning Bolt           Conj/Air       0%         1d11      100%        5
 Metabolic Englaciation   Hex/Ice        0%         N/A       100%        5
 Eringya's Noxious Bog    Tmut/Pois      1%         N/A       100%        6
 Iron Shot                Conj/Erth      1%         9d1       100%        6
 Starburst                Conj/Fire      0%         6d3       100%        6
 Enfeeble                 Hex            0%         N/A       100%        7
 Orb of Destruction       Conj           0%         9d5       100%        7
 Polar Vortex             Ice            0%         N/A       100%        9
 Summon Guardian Golem    Hex/Summ       Unusable   N/A       N/A         3
 Animate Armour           Summ/Erth      Unusable   N/A       N/A         4
 Summon Lightning Spire   Summ/Air       Unusable   N/A       N/A         4
 Summon Forest            Summ/Tloc      Unusable   N/A       N/A         5
 Spellforged Servitor     Conj/Summ      Unusable   N/A       N/A         7
 Summon Hydra             Summ           Unusable   N/A       N/A         7

Dungeon Overview and Level Annotations

Branches:
Dungeon (15/15)            Temple (0/1) D:5            Lair (6/6) D:8
  Swamp (3/4) Lair:4        Snake (0/4) Lair:4        Slime (0/5) Lair:6
    Orc (2/2) D:9             Elf (0/3) Orc:2        Vaults (0/5) D:13
 Depths (0/4) D:15        Gauntlet (visited)

Altars:
Ashenzari
Cheibriados
Dithmenos
Elyvilon
Hepliaklqana
Makhleb
Okawaru
Qazlal
Trog
Vehumet
Xom
Beogh
Jiyva

Shops:
D:13 *   Orc:2 ([:?

Annotations:
D:13 3 runed translucent doors, buhh's ghost, novice FoHu
Lair:3 3 runed translucent doors, avis's ghost, journeyman DgIE
Swamp:3 Louise


Innate Abilities, Weirdness & Mutations

You have a pair of horns on your head.
You reflexively headbutt those who attack you in melee.
[You often lose your temper in combat.]
[Your magical capacity is very low. (-20% MP)]
[Potions cannot restore your health.]


Message History

Aiming: Duel (7% risk of failure)
Press: ? - help, Dir - move target, f - worldbinder, p - deep elf zephyrmancer
Aim: a worldbinder You fail to use your ability.
The ancient zyme misses you. You furiously retaliate!
You headbutt the ancient zyme.
The ancient zyme hits you but does no damage.
The merfolk javelineer hits you from afar with a +3 spear of venom.
* * * LOW HITPOINT WARNING * * *
You are poisoned.
A chorus of shrieks assaults your mind.
* * * LOW HITPOINT WARNING * * *
The deep elf zephyrmancer barely misses you.
You furiously retaliate!
You headbutt the deep elf zephyrmancer! Something hits you but does no damage.
Your system rejects the healing.
You feel better.
The deep elf pyromancer disappears in a puff of smoke!
The fire elemental disappears in a puff of smoke! x2
The deep elf zephyrmancer disappears in a puff of smoke!
The ancient zyme closely misses you. You furiously retaliate!
You headbutt the ancient zyme!!
The ancient zyme hits you but does no damage.
The merfolk javelineer hits you but does no damage.
You are poisoned.
The worldbinder completely misses you. You furiously retaliate!
You headbutt the worldbinder.
The worldbinder hits you but does no damage.
Something hits you but does no damage. A chorus of shrieks assaults your mind.
* * * LOW HITPOINT WARNING * * *
You are confused.
Your system rejects the healing.
You feel invigorated.
* * * LOW HITPOINT WARNING * * *
You feel very sick.
The ancient zyme hits you but does no damage.
The ancient zyme hits you.
* * * LOW HITPOINT WARNING * * *
The merfolk javelineer hits you but does no damage.
You are more poisoned.
A starcursed mass splits.
The worldbinder hits you.
You die...

# . # # . # #
# . # # # .
.. .####.. #
.. .. ...
....... ..
#..##### .#.
. # .##..§##⌠
. . .
#..§Xx### #
#. #
#..○#X{@# #.#
.
∩.##.*XXx###
## ##q.Xm##
#§. ..
#*#####..# #
.# .⌠#(##
....# # § ..
###'X#...# #
.# # D * .# #
#§ # ##.#X..#
##))#§#.#...#


You could see 3 starcursed masses, a red draconian scorcher, a merfolk
javelineer, a wretched star, an ancient zyme, 2 thrashing horrors, a worldbinder
and a lurking horror.

Vanquished Creatures
  Rupert (D:13)
  3 tentacled starspawn (Abyss:5)
  An Executioner (Abyss:5)
  A fenstrider witch (Swamp:1)
  The ghost of Egithrirag the Severer, a journeyman HOFi of Qazlal (D:15)
  An orc warlord (Orc:2)
  3 eleionomae
  A dire elephant (Lair:6)
  2 minotaurs
  Azrael (D:12)
  2 entropy weavers
  2 bunyips
  Harold (D:9)
  12 hydras
  The ghost of chrisa4242 the Cleaver, a journeyman GnCA of Ignis (Lair:1)
  6 boulder beetles
  3 rakshasas
  2 ogre magi
  7 two-headed ogres
  9 centaur warriors
  A merfolk avatar (Abyss:5)
  2 catoblepae
  A death knight (Abyss:5)
  Erica (Lair:2)
  3 tengu warriors
  5 alligators
  Urug (Lair:2)
  A naga warrior (Abyss:5)
  2 satyrs (Abyss:5)
  The ghost of zeratav the Tainter, a novice OgVM of Wu Jian (D:8)
  4 thrashing horrors
  A hell knight (D:13)
  Sonja (D:11)
  3 fire crabs (Lair:6)
  5 skeletal warriors (D:13)
  The ghost of Newt the Cutter, a novice DsAK of Lugonu (D:7)
  A death drake (Abyss:5)
  3 goliath frogs
  A bog body (Swamp:1)
  2 spatial maelstroms (Abyss:5)
  A wolf spider zombie (D:15)
  3 spriggan druids (Swamp:1)
  Pikel (D:4)
  2 deep elf zephyrmancers
  2 necromancers
  3 orc knights
  2 swamp dragons (Swamp:2)
  6 deep elf pyromancers
  A wolf spider (Gauntlet)
  A worldbinder (Abyss:5)
  An oklob plant (Lair:5)
  4 cyclopes
  28 ugly things
  5 will-o-the-wisps
  5 orc sorcerers
  3 manticores
  11 elephants (Lair:5)
  4 black mambas
  A moth of wrath (Gauntlet)
  A naga mage (D:15)
  A centaur zombie (D:15)
  3 guardian serpents
  An apocalypse crab (Abyss:5)
  A smoke demon (Gauntlet)
  A gargoyle (D:12)
  3 torpor snails
  A centaur skeleton (D:15)
  Psyche (D:11)
  Maggie (D:6)
  An unseen horror (D:10)
  2 freezing wraiths
  17 cane toads
  2 tengu conjurers
  6 rime drakes
  7 komodo dragons
  An efreet (D:15)
  2 ancient zymes (Abyss:5)
  A red devil (Gauntlet)
  3 trolls
  A wolf spider simulacrum (D:15)
  5 tyrant leeches
  3 polar bears
  17 blink frogs
  3 hornets
  Grinder (D:3)
  13 raiju
  11 slime creatures
  A stone giant simulacrum (Abyss:2)
  3 vampires
  6 wyverns
  8 spriggans
  A jumping spider (Gauntlet)
  A shadow (D:10)
  A ynoxinul (Abyss:5)
  3 wraiths
  52 yaks
  8 basilisks
  3 fire elementals (D:12)
  7 large abominations (Abyss:5)
  A water elemental (D:13)
  22 vampire mosquitoes
  A neqoxec (Abyss:5)
  2 steam dragons (Lair:6)
  A golden eye (shapeshifter) (D:15)
  Menkaure (D:7)
  8 swamp worms
  2 wargs (Orc:1)
  2 acid dragons
  Duvessa (D:6)
  A hell hound (D:12)
  31 water moccasins
  25 orc warriors
  An ice beast (D:6)
  2 sky beasts
  3 black bears
  3 boggarts (D:15)
  18 wolves
  8 ogres
  5 centaurs
  A kobold brigand (D:9)
  14 bullfrogs
  4 gnoll sergeants
  A necrophage (D:5)
  6 scorpions
  4 wights
  Dowan (D:6)
  28 killer bees
  2 howler monkeys
  6 electric eels
  A vampire bat (Lair:3)
  6 crimson imps
  5 hounds
  2 small abominations (Abyss:5)
  21 orc priests
  An iron imp (D:10)
  A jelly (D:7)
  3 gnoll shamans
  3 iguanas
  24 orc wizards
  Ijyb (D:4)
  5 hell rats (Lair:6)
  19 gnolls
  4 river rats (D:5)
  26 adders
  4 shadow imps
  A white imp (D:8)
  An ufetubus (D:4)
  A worm (D:5)
  4 dart slugs
  79 orcs
  13 bats
  13 endoplasms
  6 giant cockroaches
  11 goblins
  6 hobgoblins
  4 jackals (D:5)
  12 kobolds
  4 quokkas
  6 ball pythons
  2 frilled lizards
  11 rats
  A lurking horror (Abyss:5)
  A starspawn tentacle (Abyss:5)
895 creatures vanquished.

Vanquished Creatures (others)
  An eldritch tentacle (Abyss:5)
  A two-headed ogre (D:11)
  A wizard (D:13)
  A small abomination (Abyss:5)
  A sky beast (D:8)
  A hell rat (Lair:6)
  14 foxfires
  16 fungi
  59 plants
  12 starspawn tentacles (Abyss:5)
  3 toadstools (D:8)
110 creatures vanquished.

Grand Total: 1005 creatures vanquished

Notes
Turn   | Place    | Note
-------+----------+-------------------------------------------
     0 | D:1      | frimble the Minotaur Hunter began the quest for the Orb.
     0 | D:1      | Reached XP level 1. HP: 18/18 MP: 0/0
    50 | D:1      | Reached skill level 1 in Stealth
   211 | D:1      | Found a shimmering altar of Xom.
   216 | D:1      | Reached XP level 2. HP: 25/25 MP: 1/1
   855 | D:2      | Reached skill level 3 in Fighting
   859 | D:2      | Reached XP level 3. HP: 27/31 MP: 2/2
   902 | D:2      | You fall into a shaft and drop 1 floor!
  1274 | D:2      | Reached skill level 1 in Short Blades
  1274 | D:2      | Reached XP level 4. HP: 38/38 MP: 3/3
  1581 | D:3      | Found an iron altar of Okawaru.
  1713 | D:3      | Became a worshipper of Warmaster Okawaru
  1763 | D:3      | Noticed Grinder
  1787 | D:3      | Killed Grinder
  1787 | D:3      | Reached * piety under Okawaru
  1788 | D:3      | Reached skill level 4 in Fighting
  1788 | D:3      | Reached skill level 5 in Bows
  1788 | D:3      | Reached XP level 5. HP: 40/46 MP: 2/4
  1788 | D:3      | Reached XP level 6. HP: 45/52 MP: 2/5
  1956 | D:3      | Found a faded altar of an unknown god.
  2482 | D:4      | Noticed Pikel
  2510 | D:4      | Killed Pikel
  2510 | D:4      | Reached ** piety under Okawaru
  2511 | D:4      | Reached skill level 5 in Fighting
  2511 | D:4      | Reached skill level 1 in Evocations
  2511 | D:4      | Reached XP level 7. HP: 44/61 MP: 2/7
  2612 | D:4      | Noticed Ijyb
  2621 | D:4      | Killed Ijyb
  2894 | D:4      | Found a bloodstained altar of Trog.
  2926 | D:4      | Reached XP level 8. HP: 68/68 MP: 8/8
  3082 | D:4      | Found a shadowy altar of Dithmenos.
  3177 | D:4      | Reached skill level 1 in Long Blades
  3275 | D:4      | Reached skill level 5 in Dodging
  3659 | D:5      | Entered Level 5 of the Dungeon
  3843 | D:5      | Found a staircase to the Ecumenical Temple.
  3974 | D:5      | Noticed an air elemental
  3975 | D:5      | Found a stormy altar of Qazlal.
  4268 | D:5      | Reached skill level 6 in Fighting
  4767 | D:6      | Noticed Maggie
  4786 | D:6      | Killed Maggie
  4786 | D:6      | Reached *** piety under Okawaru
  5120 | D:6      | Reached XP level 9. HP: 77/77 MP: 10/10
  5134 | D:6      | Found a burning altar of Makhleb.
  5187 | D:6      | Noticed Dowan
  5190 | D:6      | Killed Dowan
  5190 | D:6      | Noticed Duvessa
  5204 | D:6      | Killed Duvessa
  5931 | D:7      | Noticed Menkaure
  5939 | D:7      | Killed Menkaure
  6295 | D:7      | Found a runed translucent gate.
  6295 | D:7      | Found a runed translucent gate.
  6295 | D:7      | Found a runed translucent gate.
  6296 | D:7      | Noticed Newt's ghost (novice DsAK)
  6362 | D:7      | Found a radiant altar of Vehumet.
  6483 | D:7      | Reached skill level 1 in Throwing
  6497 | D:7      | Found a white marble altar of Elyvilon.
  6842 | D:7      | Reached **** piety under Okawaru
  6843 | D:7      | Reached skill level 7 in Fighting
  7623 | D:8      | Found a transporter.
  7632 | D:8      | Noticed a centaur warrior
  7635 | D:8      | Noticed a brown ugly thing
  7636 | D:8      | Noticed zeratav's ghost (novice OgVM)
  7688 | D:8      | Noticed a centaur warrior
  7959 | D:8      | Reached skill level 5 in Invocations
  8012 | D:8      | Reached skill level 5 in Long Blades
  8018 | D:8      | Reached XP level 10. HP: 65/86 MP: 7/12
  8149 | D:8      | Found a staircase to the Lair.
  8547 | D:8      | Found a transporter.
  9122 | D:9      | Noticed Harold
  9141 | D:9      | Killed Harold
  9141 | D:9      | Received a gift from Okawaru
  9148 | D:9      | Reached skill level 5 in Evocations
  9150 | D:9      | Found a staircase to the Orcish Mines.
  9485 | D:9      | Noticed a two-headed ogre
  9492 | D:9      | Reached skill level 8 in Fighting
  9507 | D:9      | Killed a two-headed ogre
  9507 | D:9      | Reached ***** piety under Okawaru
  9737 | D:9      | Identified the +5 great sword "Aroem" {drain, rF+ Str+2
                  | Stlth+} (Okawaru gifted it to you on level 9 of the
                  | Dungeon)
  9737 | D:9      | Received a gift from Okawaru
 10068 | D:9      | Found a broken altar of Ashenzari.
 10514 | D:9      | Noticed a two-headed ogre
 10532 | D:9      | Killed a two-headed ogre
 10533 | D:9      | Reached XP level 11. HP: 26/95 MP: 3/14
 10991 | D:10     | Entered Level 10 of the Dungeon
 11425 | D:10     | Reached skill level 1 in Armour
 11530 | D:10     | Found a snail-covered altar of Cheibriados.
 11682 | D:10     | Noticed a two-headed ogre
 11702 | D:10     | Killed a two-headed ogre
 12041 | D:11     | Reached skill level 9 in Fighting
 12120 | D:11     | Noticed a five-headed hydra
 12127 | D:11     | Noticed a two-headed ogre
 12132 | D:11     | Noticed Psyche
 12134 | D:11     | Killed a five-headed hydra
 12134 | D:11     | Received a gift from Okawaru
 12138 | D:11     | Killed a two-headed ogre
 12141 | D:11     | Noticed Sonja
 12147 | D:11     | Killed Psyche
 12149 | D:11     | Killed Sonja
 12152 | D:11     | Received a gift from Okawaru
 12318 | D:11     | Noticed a two-headed ogre
 12325 | D:11     | Killed a two-headed ogre
 12376 | D:11     | Reached XP level 12. HP: 66/106 MP: 8/16
 12437 | D:11     | Noticed a two-headed ogre
 12505 | D:11     | Noticed a rakshasa
 12526 | D:11     | Killed a rakshasa
 12527 | D:11     | Reached skill level 10 in Fighting
 12788 | D:12     | Reached skill level 10 in Bows
 12788 | D:12     | Reached skill level 5 in Armour
 13021 | D:12     | Noticed Azrael
 13029 | D:12     | Killed Azrael
 13232 | D:12     | Noticed a boulder beetle
 13362 | Lair:1   | Entered Level 1 of the Lair of Beasts
 13451 | Lair:1   | Received a gift from Okawaru
 13580 | Lair:1   | Identified the +9 scimitar "Fodgheri" {spect, rN++ Str-2
                  | Dex+4} (Okawaru gifted it to you on level 1 of the Lair of
                  | Beasts)
 13580 | Lair:1   | Received a gift from Okawaru
 14290 | Lair:1   | Found a runed translucent door.
 14532 | Lair:1   | Noticed chrisa4242's ghost (journeyman GnCA)
 14533 | Lair:1   | Identified the +5 trident of the Mind {spect, Int+7}
 14592 | Lair:2   | Noticed Erica
 14597 | Lair:2   | Killed Erica
 14597 | Lair:2   | Identified the +4 hat "Reock" {Rampage rCorr} (Okawaru
                  | gifted it to you on level 2 of the Lair of Beasts)
 14597 | Lair:2   | Received a gift from Okawaru
 14666 | Lair:2   | Noticed a five-headed hydra
 14679 | Lair:2   | Killed a five-headed hydra
 14779 | Lair:2   | Noticed Urug
 14780 | Lair:2   | Reached skill level 11 in Fighting
 14787 | Lair:2   | Killed Urug
 14788 | Lair:2   | Reached XP level 13. HP: 87/116 MP: 12/18
 15369 | Lair:3   | Reached skill level 10 in Long Blades
 15658 | Lair:3   | Found a runed translucent gate.
 15658 | Lair:3   | Found a runed translucent gate.
 15658 | Lair:3   | Found a runed translucent gate.
 15662 | Lair:3   | Noticed avis's ghost (journeyman DgIE)
 16511 | Lair:4   | Found a staircase to the Swamp.
 16573 | Lair:4   | Found a staircase to the Snake Pit.
 17050 | Lair:4   | Identified a scroll of acquirement
 17050 | Lair:4   | Acquired a +7 longbow of freezing
 17475 | Lair:5   | Received a gift from Okawaru
 17475 | Lair:5   | Reached ****** piety under Okawaru
 17670 | Lair:5   | Found a runed translucent door.
 18103 | Lair:5   | Noticed a minotaur
 18112 | Lair:5   | Killed a minotaur
 18302 | Lair:6   | Entered Level 6 of the Lair of Beasts
 18318 | Lair:6   | Reached skill level 12 in Fighting
 18411 | Lair:6   | Reached XP level 14. HP: 105/126 MP: 11/20
 18448 | Lair:6   | Received a gift from Okawaru
 18550 | Lair:6   | Reached skill level 10 in Dodging
 18563 | Lair:6   | Reached skill level 10 in Invocations
 18708 | Lair:6   | Found a viscous altar of Jiyva.
 18708 | Lair:6   | Found a staircase to the Slime Pits.
 19101 | Lair:6   | Identified the +1 pair of gloves "Aleuwkot" {rN++} (Okawaru
                  | gifted it to you on level 6 of the Lair of Beasts)
 19101 | Lair:6   | Received a gift from Okawaru
 19125 | Lair:6   | Got Sif Muna's Catalogue of the Glacier and Malediction
 19751 | Lair:1   | Killed chrisa4242's ghost
 19937 | D:7      | Killed Newt's ghost
 20083 | D:8      | Killed zeratav's ghost
 20088 | D:8      | Reached skill level 13 in Fighting
 20538 | D:13     | Noticed an azure jelly
 20538 | D:13     | Noticed an azure jelly
 20538 | D:13     | Noticed an acid blob
 20538 | D:13     | Noticed an acid blob
 20538 | D:13     | Noticed an azure jelly
 20538 | D:13     | Noticed an acid blob
 20538 | D:13     | Found a runed translucent gate.
 20538 | D:13     | Found a runed translucent gate.
 20538 | D:13     | Found a runed translucent gate.
 20762 | D:13     | Found a runed translucent door.
 20778 | D:13     | Noticed Rupert
 20785 | D:13     | Paralysed by Rupert for 4 turns
 20793 | D:13     | Killed Rupert
 20935 | D:13     | Noticed a rockslime
 20936 | D:13     | Noticed an azure jelly
 20936 | D:13     | Noticed a quicksilver ooze
 20937 | D:13     | Found a viscous altar of Jiyva.
 20937 | D:13     | Noticed an azure jelly
 20937 | D:13     | Noticed buhh's ghost (novice FoHu)
 20970 | D:13     | Found Plog's General Store.
 20979 | D:13     | Bought an amulet of regeneration for 570 gold pieces
 21012 | D:13     | Found a gate to the Vaults.
 21112 | D:13     | Received a gift from Okawaru
 21113 | D:13     | Reached XP level 15. HP: 136/136 MP: 22/22
 21318 | D:13     | Reached skill level 10 in Evocations
 21330 | D:13     | Identified the +4 chain mail "Qixor" {rElec rN+ Int-3
                  | Dex+3}
 21438 | D:14     | Found a gate leading to a gauntlet.
 21448 | Gauntlet | Entered a Gauntlet
 21448 | Gauntlet | Found a transporter.
 21448 | Gauntlet | Found a transporter.
 21448 | Gauntlet | Found a transporter.
 21468 | Gauntlet | Found a transporter.
 21482 | Gauntlet | Found a transporter.
 21483 | Gauntlet | Found a transporter.
 21498 | Gauntlet | Found a transporter.
 21513 | Gauntlet | Found a transporter.
 21522 | Gauntlet | Found a transporter.
 21523 | Gauntlet | Found a transporter.
 21532 | Gauntlet | Found a transporter.
 21567 | Gauntlet | Found a transporter.
 21748 | Gauntlet | Identified the ring of the Wizarding Gods {rCorr AC+4}
 21855 | D:14     | Received a gift from Okawaru
 22100 | D:14     | Received a gift from Okawaru
 22420 | D:15     | Entered Level 15 of the Dungeon
 22472 | D:15     | Found a hazy altar of Hepliaklqana.
 22581 | D:15     | Reached skill level 14 in Fighting
 22746 | D:15     | Found a runed translucent gate.
 22746 | D:15     | Found a runed translucent gate.
 22747 | D:15     | Found a runed translucent gate.
 22748 | D:15     | Noticed Egithrirag's ghost (journeyman HOFi)
 22798 | D:15     | Identified the +12 crystal plate armour of the Archfiend
                  | {-Cast +Blink rElec rC+++} (Okawaru gifted it to you on
                  | level 15 of the Dungeon)
 22798 | D:15     | Received a gift from Okawaru
 22808 | D:15     | Killed Egithrirag's ghost
 22989 | D:15     | Found a shimmering altar of Xom.
 23146 | D:15     | Identified the +0 pair of boots of Jiluwoh {Harm Rampage
                  | Will+ Int-3}
 23207 | D:15     | Found a staircase to the Depths.
 23675 | Orc:1    | Entered Level 1 of the Orcish Mines
 23765 | Orc:1    | Reached XP level 16. HP: 147/147 MP: 23/23
 23852 | Orc:2    | Entered Level 2 of the Orcish Mines
 24264 | Orc:2    | Received a gift from Okawaru
 24266 | Orc:2    | Found Yzxoi's Antique Weapon Shop.
 24281 | Orc:2    | Found Okhu Yco's Antique Armour Boutique.
 24308 | Orc:2    | Bought a pair of smoking boots for 266 gold pieces
 24308 | Orc:2    | Identified the +0 pair of boots of Duck's Teeth {Regen+
                  | Str+4 Stlth+} (You bought it in a shop on level 2 of the
                  | Orcish Mines)
 24319 | Orc:2    | Bought a scorched plate armour for 784 gold pieces
 24319 | Orc:2    | Identified the +2 plate armour of Patterns {Fly rC+ rN+
                  | Regen+} (You bought it in a shop on level 2 of the Orcish
                  | Mines)
 24393 | Orc:2    | Found a staircase to the Elven Halls.
 24606 | Orc:2    | Found Laelly's Book Shop.
 24629 | Orc:2    | Bought a book of Sloth for 432 gold pieces
 24677 | Orc:2    | Found Quoch's Magic Scroll Shop.
 24688 | Orc:2    | Bought a scroll of blinking for 105 gold pieces
 24688 | Orc:2    | Bought a scroll of magic mapping for 49 gold pieces
 24688 | Orc:2    | Bought 2 scrolls of teleportation for 84 gold pieces
 25301 | Swamp:1  | Entered Level 1 of the Swamp
 25307 | Swamp:1  | Reached skill level 15 in Fighting
 25521 | Swamp:1  | Identified the +1 pair of boots of Death's Door {rN+}
                  | (Okawaru gifted it to you on level 1 of the Swamp)
 25521 | Swamp:1  | Received a gift from Okawaru
 25549 | Swamp:1  | Paralysed by a fenstrider witch for 2 turns
 25552 | Swamp:1  | Paralysed by a fenstrider witch for 3 turns
 25779 | Arena    | Entered the Arena
 25855 | Arena    | Entered the Arena
 26046 | Swamp:2  | Learned a level 6 spell: Statue Form
 26396 | Swamp:3  | Noticed Louise
 26404 | Swamp:3  | Cast into level 2 of the Abyss (Louise)
 26422 | Abyss:2  | Learned a level 2 spell: Passwall
 26551 | Abyss:5  | Found a corrupted altar of Lugonu.
 26594 | Abyss:5  | Reached skill level 1 in Transmutations
 26595 | Abyss:5  | Reached skill level 1 in Earth Magic
 26658 | Abyss:5  | Found a corrupted altar of Lugonu.
 26691 | Abyss:5  | Noticed a tentacled starspawn
 26710 | Arena    | Entered the Arena
 26809 | Abyss:5  | Reached skill level 15 in Bows
 26820 | Abyss:5  | Found a corrupted altar of Lugonu.
 26856 | Abyss:5  | Noticed an Executioner
 26867 | Abyss:5  | Killed an Executioner
 26876 | Abyss:5  | Reached skill level 10 in Armour
 26889 | Abyss:5  | Noticed a tentacled starspawn
 26902 | Abyss:5  | Killed a tentacled starspawn
 26903 | Abyss:5  | Reached skill level 15 in Long Blades
 26915 | Abyss:5  | Noticed a tentacled starspawn
 26916 | Abyss:5  | Reached XP level 17. HP: 104/158 MP: 22/25
 26934 | Abyss:5  | Received a gift from Okawaru
 26955 | Abyss:5  | Noticed a bone dragon
 26956 | Abyss:5  | Reached skill level 16 in Fighting
 26976 | Abyss:5  | Got an abyssal rune of Zot
 26981 | Abyss:5  | HP: 5/158 [poisoned by a merfolk javelineer]
 26981 | Abyss:5  | Slain by a worldbinder

Illustrated notes

Levels and vault maps discovered:
D:1:      dpeg_arrival_prison, layout_loops_ring, minmay_hexomino_r4
D:2:      layout_rooms
D:3:      layout_loops_ring, mainiacjoe_overflow_surrounded_room,
          dreamdust_ecumenical_altar_grove, eino_tiny_chamber, uniq_grinder
D:4:      layout_basic, mainiacjoe_overflow_brackets,
          nicolae_dithmenos_shadow_blocks, chequers_garden,
          minmay_misc_feat_four_crosses, uniq_pikel, uniq_ijyb
D:5:      lemuel_ice_spiral_2, layout_basic, nicolae_qazlal_style_of_elements,
          minmay_temple_entry_drinking_statues, portal_sewer_entry_e,
          lemuel_old_faithful
D:6:      layout_cave_pools, mainiacjoe_overflow_paths, uniq_duvessa,
          uniq_maggie
D:7:      layout_loops_corners, nicolae_vehumet_radiance,
          mainiacjoe_overflow_cross_hatched, gammafunk_ghost_split,
          uniq_menkaure
D:8:      layout_basic, lair_entry_dummy, nzn_ghost_randoct, minivault_19,
          minmay_gold_behind_fungi, grunt_decor_arrowhead
D:9:      minmay_bubble_buster, layout_gridville, evilmike_ruin_ashenzari,
          serial_bayou_pond_e, uniq_harold
D:10:     layout_roguey, slow_altar_2, hex_large, serial_park_tiny_2,
          nicolae_fountain_basement
D:11:     layout_rooms, uniq_sonja, uniq_psyche
D:12:     layout_roguey, minivault_1, uniq_azrael
D:13:     layout_cave_pools, david_vaults_1, gammafunk_ghost_ooze, serial_park,
          serial_park_fountain, serial_park_tiny_pond, serial_shops,
          kennysheep_mini, minmay_st_funbox, uniq_rupert
D:14:     layout_basic, chequers_serial_rivers_micro_a, gauntlet_entry_generic
D:15:     grunt_enter_depths_magical_seal, layout_loops_ring,
          gammafunk_ghost_tricky_traps, nicolae_hepliaklqana_hippocampus,
          led_xom_imps
Lair:1:   lemuel_reptile_caves, layout_small_grid, ebering_ghost_funeral_grove,
          lemuel_fruit_tree, serial_bayou_shore_a, serial_bayou_shore_b,
          grunt_megastairs_5
Lair:2:   layout_roguey, uniq_urug, uniq_erica
Lair:3:   layout_cave_pods, gammafunk_ghost_split, roderic_batcave
Lair:4:   layout_hall_layers, swamp_mist, minmay_snake_entry_spellcaster
Lair:5:   dreamdust_labyrinth, layout_big_grid, grunt_forest_small_clearings,
          serial_bayou_shore_b
Lair:6:   minmay_lair_end_frog_pond, layout_regular_city,
          dpeg_slime_entry_enclosed, nicolae_lair_lakeside_cave
Swamp:1:  layout_basic_swamp, serial_swamp_ruin, evilmike_swamp_ruin_rubble_1,
          hangedman_swamp_ruin_hall
Swamp:2:  layout_basic_swamp, nicolae_swamp_some_circles,
          nzn_swamp_dancing_lights
Swamp:3:  layout_basic_swamp, nicolae_swamp_oxbows, uniq_louise
Orc:1:    nicolae_orc_accident_1, layout_caves
Orc:2:    grunt_orc_community_town_hall, layout_caves,
          grunt_orc_community_big_house_1, grunt_orc_community_big_house_2,
          grunt_orc_community_house_1, grunt_orc_community_house_2,
          grunt_orc_community_house_3, grunt_orc_community_house_1
Abyss:5:  base: D:1, evilmike_abyss_rune_siren_acolytes, base: Lair:1,
          guppyfry_abyss_exit_spiral_guarded, evilmike_abyss_exit_mutagenic,
          evilmike_abyss_exit_glass, hangedman_illusive_loot,
          nicolae_abyss_rune_left_handed

Skill      XL: |  1  2  3  4  5  6  7  8  9 10 11 12 13 14 15 16 17 |
---------------+----------------------------------------------------+-----
Stealth        | 1 2 3 |  3.6
Fighting       | 3 4 5 6 7 8 9 11 12 13 14 15 16 | 16.0
Short Blades   | 1 2 3 |  3.8
Dodging        | 3 4 5 6 7 8 9 11 | 11.7
Bows           | 5 6 7 8 9 10 11 12 14 15 | 15.1
Invocations    | 2 3 5 6 7 8 9 10 11 12 | 12.0
Evocations     | 1 2 3 4 5 6 7 8 9 10 | 10.0
Long Blades    | 3 5 6 8 9 11 12 13 15 | 15.1
Throwing       | 2 4 |  4.3
Armour         | 4 6 7 10 | 10.2
Transmutations | 2 |  2.5
Earth Magic    | 2 |  2.6

Action                   |  1- 3 |  4- 6 |  7- 9 | 10-12 | 13-15 | 16-18 || total
-------------------------+-------+-------+-------+-------+-------+-------++-------
Melee: Dagger            |       |    12 |    68 |       |       |       ||    80
       Headbutt          |       |     2 |    30 |    85 |   149 |    86 ||   352
       Scimitar          |       |       |    67 |   116 |   532 |   348 ||  1063
       Punch             |       |       |     3 |    11 |    19 |     7 ||    40
       Shortbow          |       |       |     1 |       |       |       ||     1
       Long sword        |       |       |    26 |   109 |       |       ||   135
       Great sword       |       |       |       |   188 |       |       ||   188
 Fire: Shortbow          |    84 |    83 |   211 |   106 |       |       ||   484
       Longbow           |       |       |       |       |   355 |   183 ||   538
Throw: Javelin           |       |       |       |     2 |    19 |     4 ||    25
Invok: Heroism           |       |     2 |     7 |    22 |    29 |    11 ||    71
       Finesse           |       |       |       |       |     2 |     2 ||     4
       Duel              |       |       |       |       |       |     3 ||     3
Evoke: Wand              |       |     3 |     3 |     6 |     7 |     1 ||    20
  Use: Scroll            |     8 |       |     5 |     6 |    13 |     3 ||    35
       Potion            |       |       |     1 |     1 |     3 |    14 ||    19
 Stab: Sleeping          |       |       |     5 |     7 |     6 |       ||    18
       Distracted        |       |       |       |     2 |    11 |     6 ||    19
       Petrifying        |       |       |       |       |     2 |       ||     2
       Invisible         |       |       |       |       |     1 |       ||     1
       Paralysed         |       |       |       |       |       |     1 ||     1
Armor: Leather armour    |     4 |     8 |    17 |       |       |       ||    29
       Robe              |       |       |    40 |    45 |       |       ||    85
       Troll leather arm |       |       |       |    75 |   195 |     6 ||   276
       Plate armour      |       |       |       |       |       |   309 ||   309
Dodge: Dodged            |    27 |    12 |   235 |   594 |   567 |   349 ||  1784

Table legend: (Time is in decaauts)
 A = Elapsed time spent in this place.
 B = Non-inter-level travel time spent in this place.
 C = Inter-level travel time spent in this place.
 D = Time resting spent in this place.
 E = Time spent auto-exploring this place.
 F = Levels seen in this place.
 G = Mean time per level.
                   A        B        C        D        E       F      G
               +--------+--------+--------+--------+--------+-----+--------+
         Total |  26893 |  24781 |   2112 |    385 |  19475 |  35 |  768.4 |
       Dungeon |  16851 |  15362 |   1489 |    180 |  12546 |  15 | 1123.4 |
          Lair |   6575 |   6102 |    473 |    163 |   4939 |   6 | 1095.8 |
         Swamp |   1052 |   1030 |     22 |      0 |    752 |   3 |  350.7 |
  Orcish Mines |   1434 |   1307 |    127 |      0 |   1012 |   2 |  717.0 |
         Abyss |    516 |    516 |      0 |      0 |     20 |   5 |  103.2 |
      Gauntlet |    380 |    380 |      0 |      0 |    205 |   1 |  380.0 |
         Arena |     83 |     83 |      0 |     41 |      0 |   3 |   27.7 |
               +--------+--------+--------+--------+--------+-----+--------+

Top non-repeatable levels by time:
     D:9: 2361 daAuts
     D:8: 1696 daAuts
     D:4: 1566 daAuts
     D:7: 1525 daAuts
  Lair:1: 1472 daAuts
  Lair:5: 1219 daAuts
     D:6: 1196 daAuts
  Lair:6: 1184 daAuts
    D:15: 1118 daAuts
  Lair:3: 1061 daAuts
     D:5: 1033 daAuts
     D:3: 953 daAuts
    D:10: 934 daAuts
  Lair:4: 891 daAuts
    D:13: 880 daAuts
